 Dungeon Crawl Stone Soup version 0.28.0-53-g5a82cb258f (webtiles) character file.

Game seed: 9802067133967882645

59 Jerry the Skirmisher (level 4, -5/24 HPs)
             Began as a Vine Stalker Fighter on July 30, 2022.
             Slain by an orc
             ... wielding a +0 mace
              (6 damage)
             ... on level 2 of the Dungeon.
             The game lasted 00:01:53 (1184 turns).

Jerry the Skirmisher (Vine Stalker Fighter)         Turns: 1184, Time: 00:01:54

Health: -5/24      AC:  9    Str: 18    XL:     4   Next: 3%
Magic:  0/5        EV:  6    Int:  8    God:
Gold:   42         SH:  5    Dex: 16    Spells: 3/3 levels left

rFire   . . .      SeeInvis .   i - +1 dagger (drain)
rCold   . . .      Faith    .   c - +0 buckler
rNeg    . . .      Spirit   +   b - +0 scale mail
rPois   .          Reflect  .   (no helmet)
rElec   .          Harm     .   (no cloak)
rCorr   .          Rampage  .   j - +0 pair of gloves
Will    .....                   m - +0 pair of boots
Stlth   ..........              (no amulet)
HPRegen 0.88/turn               (no ring)
MPRegen 0.09/turn               (no ring)

@: mighty, lethally poisoned (-5 -> -6), constricted
A: fangs 2, regeneration 1, magic shield, antimagic bite, no potion heal 2
a: no special abilities


You were on level 2 of the Dungeon.
You visited 1 branch of the dungeon, and saw 2 of its levels.

You collected 42 gold pieces.

Inventory:

Hand Weapons
 a - a +0 rapier
 i - a +1 dagger of draining (weapon)
Armour
 b - a +0 scale mail (worn)
 c - a +0 buckler (worn)
 j - a +0 pair of gloves (worn)
 m - a +0 pair of boots (worn)
Jewellery
 h - a ring of ice
Scrolls
 f - 3 scrolls of identify {unknown}
Potions
 e - 2 potions of curing {unknown}
 g - a potion of attraction {unknown}
 k - a potion of invisibility {unknown}
 l - a potion of haste {unknown}


   Skills:
 + Level 3.2 Fighting
 + Level 2.3 Short Blades
 + Level 2.9 Armour
 + Level 3.1 Shields


You had 3 spell levels left.
You didn't know any spells.
Your spell library contained the following spells:

 Spells                   Type           Power      Damage    Failure   Level
 Ensorcelled Hibernation  Hex/Ice        0%         N/A       95%         2
 Passwall                 Tmut/Erth      0%         N/A       95%         2
 Swiftness                Air            0%         N/A       99%         3


Dungeon Overview and Level Annotations

Branches:
Dungeon (2/15)

Altars:


Innate Abilities, Weirdness & Mutations

You have extremely sharp teeth.
Your natural rate of healing is unusually fast.
When hurt, damage is shared between your health and your magic reserves.
Your bite disrupts and absorbs the magic of your enemies.
Potions cannot restore your health.


Message History

The adder poisons you!
The ball python bites you but does no damage.
The ball python constricts you.
You closely miss the adder. You bite the adder. You drain its power.
You feel invigorated.
The adder is almost dead.
You feel sick. The adder bites you but does no damage.
You block the ball python's attack. The ball python constricts you.
The adder bites you.
You are lethally poisoned!
The adder poisons you!
You hit the adder.
You kill the adder!
* * * LOW HITPOINT WARNING * * *
You feel sick.
The ball python bites you but does no damage.
The ball python constricts you.
You have reached level 4!
You feel agile.
You begin to heal more quickly.
You feel very mighty all of a sudden.
You feel sick. You block the ball python's attack.
The ball python constricts you. The orc hits you with a +0 flail.
You barely miss the orc.
You feel sick. The ball python barely misses you.
The ball python constricts you. You block the orc's attack.
The orc hits you but does no damage.
You barely miss the orc. You bite the orc. You drain its power.
You feel invigorated.
The orc is almost dead.
You feel sick.
The ball python bites you but does no damage.
The ball python constricts you. The orc hits you with a +0 flail!
* * * LOW HITPOINT WARNING * * *
The orc hits you but does no damage. You block the ball python's attack.
The ball python constricts you.
You puncture the orc!
You kill the orc!
* * * LOW HITPOINT WARNING * * *
You feel sick. The orc hits you with a +0 mace!
You die...

#.# .. ##.## .
<..# ....###.###
...>So..!.##
#.######.?.#
#)#.# #@#.######
#oS.#....#
##..#.##.#
#....##.#
#....##.#
######.รท.##.###
#......#.#....#
#.........###.#
#.....#...###.#


You could see an orc and a ball python.

Vanquished Creatures
  2 adders (D:2)
  2 orcs (D:2)
  5 endoplasms
  A giant cockroach (D:1)
  7 goblins (D:1)
  6 hobgoblins (D:1)
  3 kobolds (D:1)
  A quokka (D:1)
  2 ball pythons
  2 bats
  6 frilled lizards
  A rat (D:1)
38 creatures vanquished.

Notes
Turn   | Place    | Note
-------+----------+-------------------------------------------
     0 | D:1      | Jerry the Vine Stalker Fighter began the quest for the Orb.
     0 | D:1      | Reached XP level 1. HP: 11/11 MP: 2/2
   214 | D:1      | You fall into a shaft and drop 1 floor!
   229 | D:2      | Reached XP level 2. HP: 16/16 MP: 3/3
   439 | D:1      | Reached XP level 3. HP: 18/20 MP: 4/4
   774 | D:1      | Found a faded altar of an unknown god.
  1181 | D:2      | Gained mutation: Your natural rate of healing is unusually
                  | fast. [Vine Stalker growth]
  1181 | D:2      | Reached XP level 4. HP: 6/24 MP: 3/5
  1183 | D:2      | HP: 1/24 [orc/+0 flail (4)]
  1184 | D:2      | Slain by an orc

Illustrated notes

Levels and vault maps discovered:
D:1:      dpeg_arrival_erosion, layout_loops_cross,
          shapermc_ecumenical_altar_petra, serial_glass, glass_columns_a,
          glass_columns_a, dk_noncrumbling_3
D:2:      layout_basic

Skill      XL: |  1  2  3 |
---------------+----------+-----
Short Blades   | 2 |  2.3
Fighting       | 3 |  3.2
Shields        | 3 |  3.1
Armour         | |  2.9

Action                   |  1- 3 |  4- 6 || total
-------------------------+-------+-------++-------
Melee: Rapier            |    29 |       ||    29
       Bite              |    21 |     1 ||    22
       Dagger            |    62 |     3 ||    65
  Use: Potion            |       |     1 ||     1
Armor: Scale mail        |    37 |     3 ||    40
Dodge: Dodged            |    33 |     1 ||    34
Block: Buckler           |    16 |     3 ||    19
